Workbook
Name Categorie: Tableau6[[#Headers],[Categorie]]
Name Categorie: Tableau6[[#Headers],[Categorie]]
Name Libelle: 'Reporting budget'!TabCat
Name Libelle: TabCat
Name Libellé: Tableau6[[#All],[Libelle]]
Name Libellé: Tableau6[[#All],[Libelle]]
Name TabCat: Tableau6[#All]
Name TabCat: Tableau6[#All]
Name TabFour: Tableau8[#All]
Name TabFour: Tableau8[#All]
Name titre_feuille_de_calcul: #REF!
Name titre_feuille_de_calcul: #REF!

Sheet Supplies
B1: BUDGET IT 2019 - SUPPLIES & NON-CAPITAL
B2: Total Commandé | C2: Total Facturé | N2: =INDEX(M5:N48,5,2)
B3: =SUM(K5:K220) -> 561844.04 | C3: =SUM(M5:M88) -> 13748
A4: Types de Projet | B4: Purchase order | C4: Intitulé | D4: Logiciel | E4: Catégorie de produit | F4: Fournisseur | G4: Code Fournisseur | H4: ID D'imputation | I4: Quantités | J4: Date Commande | K4: Commande initial HT | L4: Reste à payer | M4: Facture HT | N4: Mois d'imputation | O4: Date Facture | P4: N° Facture | Q4: Commentaires
A5: =IF(H5="MMD Guardian 40483630020","Projet",IF(H5="ERMD 40458980020","Projet",IF(H5="ERMD 40483630020","Projet",IF(H5="DI Labo 40465840010","Projet",IF(H5="411359","Projet",IF(H5="ERMD 4051476","Projet",IF(H5="11610209","Budget"))))))) -> FALSE | B5: 8102424625 | C5: Migration W10 | D5: Logiciel | E5: =VLOOKUP(D5,TabCat,2,FALSE) -> 81112002 | F5: zzz | G5: =VLOOKUP(F5,TabFour,2,FALSE) -> 1054963 | H5: N/A | I5: 1 | J5: 43266 | K5: 15640 | M5: 0 | N5: =IF(ISBLANK(O5),"",TEXT(O5,"aaaamm"))
A6: =IF(H6="MMD Guardian 40483630020","Projet",IF(H6="ERMD 40458980020","Projet",IF(H6="ERMD 40483630020","Projet",IF(H6="DI Labo 40465840010","Projet",IF(H6="411359","Projet",IF(H6="ERMD 4051476","Projet",IF(H6="11610209","Budget"))))))) -> FALSE | E6: =VLOOKUP(D6,TabCat,2,FALSE) -> #N/A | G6: =VLOOKUP(F6,TabFour,2,FALSE) -> #N/A | M6: 0 | N6: =IF(ISBLANK(O6),"",TEXT(O6,"aaaamm"))
A7: =IF(H7="MMD Guardian 40483630020","Projet",IF(H7="ERMD 40458980020","Projet",IF(H7="ERMD 40483630020","Projet",IF(H7="DI Labo 40465840010","Projet",IF(H7="411359","Projet",IF(H7="ERMD 4051476","Projet",IF(H7="11610209","Budget"))))))) -> FALSE | E7: =VLOOKUP(D7,TabCat,2,FALSE) -> #N/A | G7: =VLOOKUP(F7,TabFour,2,FALSE) -> #N/A | M7: 0 | N7: =IF(ISBLANK(O7),"",TEXT(O7,"aaaamm"))
A8: =IF(H8="MMD Guardian 40483630020","Projet",IF(H8="ERMD 40458980020","Projet",IF(H8="ERMD 40483630020","Projet",IF(H8="DI Labo 40465840010","Projet",IF(H8="411359","Projet",IF(H8="ERMD 4051476","Projet",IF(H8="11610209","Budget"))))))) -> FALSE | B8: 8102433523 | C8: Presta Guardian | D8: Prestation | E8: =VLOOKUP(D8,TabCat,2,FALSE) -> 80101507 | F8: www | G8: =VLOOKUP(F8,TabFour,2,FALSE) -> 1055731 | H8: 40458980020 | I8: 1 | J8: 43284 | K8: 50070 | L8: =K8-M8 -> 47370 | M8: 2700 | N8: =IF(ISBLANK(O8),"",TEXT(O8,"aaaamm")) -> 201901 | O8: 43483 | P8: 5113172074
A9: =IF(H9="MMD Guardian 40483630020","Projet",IF(H9="ERMD 40458980020","Projet",IF(H9="ERMD 40483630020","Projet",IF(H9="DI Labo 40465840010","Projet",IF(H9="411359","Projet",IF(H9="ERMD 4051476","Projet",IF(H9="11610209","Budget"))))))) -> FALSE | B9: 8102433523 | C9: Presta Guardian | D9: Prestation | E9: =VLOOKUP(D9,TabCat,2,FALSE) -> 80101507 | F9: ok | G9: =VLOOKUP(F9,TabFour,2,FALSE) -> 1408454 | H9: 40458980020 | I9: 1 | M9: 0 | N9: =IF(ISBLANK(O9),"",TEXT(O9,"aaaamm"))
A10: =IF(H10="MMD Guardian 40483630020","Projet",IF(H10="ERMD 40458980020","Projet",IF(H10="ERMD 40483630020","Projet",IF(H10="DI Labo 40465840010","Projet",IF(H10="411359","Projet",IF(H10="ERMD 4051476","Projet",IF(H10="11610209","Budget"))))))) -> FALSE | B10: 8102433523 | C10: Presta Guardian | D10: Prestation | E10: =VLOOKUP(D10,TabCat,2,FALSE) -> 80101507 | F10: llll | G10: =VLOOKUP(F10,TabFour,2,FALSE) -> 1053818 | H10: 40483630020 | I10: 1 | M10: 0 | N10: =IF(ISBLANK(O10),"",TEXT(O10,"aaaamm"))
A11: =IF(H11="MMD Guardian 40483630020","Projet",IF(H11="ERMD 40458980020","Projet",IF(H11="ERMD 40483630020","Projet",IF(H11="DI Labo 40465840010","Projet",IF(H11="411359","Projet",IF(H11="ERMD 4051476","Projet",IF(H11="11610209","Budget"))))))) -> FALSE | B11: 8102433523 | C11: Presta Guardian | D11: Prestation | E11: =VLOOKUP(D11,TabCat,2,FALSE) -> 80101507 | F11: kkk | G11: =VLOOKUP(F11,TabFour,2,FALSE) -> 1091312 | H11: 40483630020 | I11: 1 | M11: 0 | N11: =IF(ISBLANK(O11),"",TEXT(O11,"aaaamm"))
A12: =IF(H12="MMD Guardian 40483630020","Projet",IF(H12="ERMD 40458980020","Projet",IF(H12="ERMD 40483630020","Projet",IF(H12="DI Labo 40465840010","Projet",IF(H12="411359","Projet",IF(H12="ERMD 4051476","Projet",IF(H12="11610209","Budget"))))))) -> FALSE | B12: 8102433523 | C12: Presta Guardian | D12: Prestation | E12: =VLOOKUP(D12,TabCat,2,FALSE) -> 80101507 | F12: llll | G12: =VLOOKUP(F12,TabFour,2,FALSE) -> 1053818 | H12: 40458980020 | I12: 1 | M12: 0 | N12: =IF(ISBLANK(O12),"",TEXT(O12,"aaaamm"))
A13: =IF(H13="MMD Guardian 40483630020","Projet",IF(H13="ERMD 40458980020","Projet",IF(H13="ERMD 40483630020","Projet",IF(H13="DI Labo 40465840010","Projet",IF(H13="411359","Projet",IF(H13="ERMD 4051476","Projet")))))) -> FALSE | B13: 8102433523 | C13: Presta Guardian | D13: Prestation | E13: =VLOOKUP(D13,TabCat,2,FALSE) -> 80101507 | F13: kkk | G13: =VLOOKUP(F13,TabFour,2,FALSE) -> 1091312 | H13: 40483630020 | I13: 1 | M13: 0 | N13: =IF(ISBLANK(O13),"",TEXT(O13,"aaaamm"))
A14: =_xlfn.IFS(H14="MMD Guardian 40483630020","Projet",H14="11610209","Budget") -> #N/A | E14: =VLOOKUP(D14,TabCat,2,FALSE) -> #N/A | G14: =VLOOKUP(F14,TabFour,2,FALSE) -> #N/A | M14: 0 | N14: =IF(ISBLANK(O14),"",TEXT(O14,"aaaamm"))
A15: =IF(H15="MMD Guardian 40483630020","Projet",IF(H15="ERMD 40458980020","Projet",IF(H15="ERMD 40483630020","Projet",IF(H15="DI Labo 40465840010","Projet",IF(H15="411359","Projet",IF(H15="ERMD 4051476","Projet",IF(H15="11610209","Budget"))))))) -> FALSE | E15: =VLOOKUP(D15,TabCat,2,FALSE) -> #N/A | G15: =VLOOKUP(F15,TabFour,2,FALSE) -> #N/A | M15: 0 | N15: =IF(ISBLANK(O15),"",TEXT(O15,"aaaamm"))
A16: =IF(H16="MMD Guardian 40483630020","Projet",IF(H16="ERMD 40458980020","Projet",IF(H16="ERMD 40483630020","Projet",IF(H16="DI Labo 40465840010","Projet",IF(H16="411359","Projet",IF(H16="ERMD 4051476","Projet",IF(H16="11610209","Budget"))))))) -> FALSE | E16: =VLOOKUP(D16,TabCat,2,FALSE) -> #N/A | G16: =VLOOKUP(F16,TabFour,2,FALSE) -> #N/A | M16: 0 | N16: =IF(ISBLANK(O16),"",TEXT(O16,"aaaamm"))
A17: =IF(H17="MMD Guardian 40483630020","Projet",IF(H17="ERMD 40458980020","Projet",IF(H17="ERMD 40483630020","Projet",IF(H17="DI Labo 40465840010","Projet",IF(H17="411359","Projet",IF(H17="ERMD 4051476","Projet",IF(H17="11610209","Budget"))))))) -> FALSE | B17: 8102436292 | C17: Licence Guardian | D17: Licence | E17: =VLOOKUP(D17,TabCat,2,FALSE) -> 43230000 | F17: kkk | G17: =VLOOKUP(F17,TabFour,2,FALSE) -> 1091312 | H17: 40465840010 | I17: 1 | J17: 43287 | K17: 23325 | M17: 0 | N17: =IF(ISBLANK(O17),"",TEXT(O17,"aaaamm")) | Q17: Licence
A18: =IF(H18="MMD Guardian 40483630020","Projet",IF(H18="ERMD 40458980020","Projet",IF(H18="ERMD 40483630020","Projet",IF(H18="DI Labo 40465840010","Projet",IF(H18="411359","Projet",IF(H18="ERMD 4051476","Projet",IF(H18="11610209","Budget"))))))) -> FALSE | B18: 8102436292 | C18: Licence Guardian | D18: Licence | E18: =VLOOKUP(D18,TabCat,2,FALSE) -> 43230000 | F18: ok | G18: =VLOOKUP(F18,TabFour,2,FALSE) -> 1408454 | H18: 40483630020 | I18: 1 | M18: 0 | N18: =IF(ISBLANK(O18),"",TEXT(O18,"aaaamm"))
A19: =IF(H19="MMD Guardian 40483630020","Projet",IF(H19="ERMD 40458980020","Projet",IF(H19="ERMD 40483630020","Projet",IF(H19="DI Labo 40465840010","Projet",IF(H19="411359","Projet",IF(H19="ERMD 4051476","Projet",IF(H19="11610209","Budget"))))))) -> FALSE | B19: 8102436292 | C19: Licence Guardian | D19: Licence | E19: =VLOOKUP(D19,TabCat,2,FALSE) -> 43230000 | F19: hhh | G19: =VLOOKUP(F19,TabFour,2,FALSE) -> 1011159 | H19: 40465840010 | I19: 1 | M19: 0 | N19: =IF(ISBLANK(O19),"",TEXT(O19,"aaaamm"))
A20: =IF(H20="MMD Guardian 40483630020","Projet",IF(H20="ERMD 40458980020","Projet",IF(H20="ERMD 40483630020","Projet",IF(H20="DI Labo 40465840010","Projet",IF(H20="411359","Projet",IF(H20="ERMD 4051476","Projet",IF(H20="11610209","Budget"))))))) -> FALSE | B20: 8102436292 | C20: Licence Guardian | D20: Licence | E20: =VLOOKUP(D20,TabCat,2,FALSE) -> 43230000 | F20: jjj | G20: =VLOOKUP(F20,TabFour,2,FALSE) -> 1074141 | H20: 40483630020 | I20: 1 | M20: 0 | N20: =IF(ISBLANK(O20),"",TEXT(O20,"aaaamm"))
A21: =IF(H21="MMD Guardian 40483630020","Projet",IF(H21="ERMD 40458980020","Projet",IF(H21="ERMD 40483630020","Projet",IF(H21="DI Labo 40465840010","Projet",IF(H21="411359","Projet",IF(H21="ERMD 4051476","Projet",IF(H21="11610209","Budget"))))))) -> FALSE | E21: =VLOOKUP(D21,TabCat,2,FALSE) -> #N/A | G21: =VLOOKUP(F21,TabFour,2,FALSE) -> #N/A | M21: 0 | N21: =IF(ISBLANK(O21),"",TEXT(O21,"aaaamm"))
A22: =IF(H22="MMD Guardian 40483630020","Projet",IF(H22="ERMD 40458980020","Projet",IF(H22="ERMD 40483630020","Projet",IF(H22="DI Labo 40465840010","Projet",IF(H22="411359","Projet",IF(H22="ERMD 4051476","Projet",IF(H22="11610209","Budget"))))))) -> FALSE | B22: 8102434052 | C22: Doc Win10 et Lenel | D22: Prestation | E22: =VLOOKUP(D22,TabCat,2,FALSE) -> 80101507 | F22: www | G22: =VLOOKUP(F22,TabFour,2,FALSE) -> 1055731 | H22: 40483630020 | I22: 1 | J22: 43285 | K22: 2602 | M22: 0 | N22: =IF(ISBLANK(O22),"",TEXT(O22,"aaaamm"))
A23: =IF(H23="MMD Guardian 40483630020","Projet",IF(H23="ERMD 40458980020","Projet",IF(H23="ERMD 40483630020","Projet",IF(H23="DI Labo 40465840010","Projet",IF(H23="411359","Projet",IF(H23="ERMD 4051476","Projet",IF(H23="11610209","Budget"))))))) -> FALSE | B23: 8102434052 | C23: Doc Win10 et Lenel | D23: Prestation | E23: =VLOOKUP(D23,TabCat,2,FALSE) -> 80101507 | F23: zzz | G23: =VLOOKUP(F23,TabFour,2,FALSE) -> 1054963 | H23: 40465840010 | I23: 1 | M23: 0 | N23: =IF(ISBLANK(O23),"",TEXT(O23,"aaaamm"))
A24: =IF(H24="MMD Guardian 40483630020","Projet",IF(H24="ERMD 40458980020","Projet",IF(H24="ERMD 40483630020","Projet",IF(H24="DI Labo 40465840010","Projet",IF(H24="411359","Projet",IF(H24="ERMD 4051476","Projet",IF(H24="11610209","Budget"))))))) -> FALSE | E24: =VLOOKUP(D24,TabCat,2,FALSE) -> #N/A | G24: =VLOOKUP(F24,TabFour,2,FALSE) -> #N/A | M24: 0 | N24: =IF(ISBLANK(O24),"",TEXT(O24,"aaaamm"))
A25: =IF(H25="MMD Guardian 40483630020","Projet",IF(H25="ERMD 40458980020","Projet",IF(H25="ERMD 40483630020","Projet",IF(H25="DI Labo 40465840010","Projet",IF(H25="411359","Projet",IF(H25="ERMD 4051476","Projet",IF(H25="11610209","Budget"))))))) -> FALSE | B25: 8102451235 | C25: Presta Horoquartz pour VSS | D25: Travaux | E25: =VLOOKUP(D25,TabCat,2,FALSE) -> 73152100 | F25: kkk | G25: =VLOOKUP(F25,TabFour,2,FALSE) -> 1091312 | H25: 411359 | I25: 1 | J25: 43366 | K25: 4800 | M25: 0 | N25: =IF(ISBLANK(O25),"",TEXT(O25,"aaaamm"))
A26: =IF(H26="MMD Guardian 40483630020","Projet",IF(H26="ERMD 40458980020","Projet",IF(H26="ERMD 40483630020","Projet",IF(H26="DI Labo 40465840010","Projet",IF(H26="411359","Projet",IF(H26="ERMD 4051476","Projet",IF(H26="11610209","Budget"))))))) -> FALSE | E26: =VLOOKUP(D26,TabCat,2,FALSE) -> #N/A | G26: =VLOOKUP(F26,TabFour,2,FALSE) -> #N/A | M26: 0 | N26: =IF(ISBLANK(O26),"",TEXT(O26,"aaaamm"))
A27: =IF(H27="MMD Guardian 40483630020","Projet",IF(H27="ERMD 40458980020","Projet",IF(H27="ERMD 40483630020","Projet",IF(H27="DI Labo 40465840010","Projet",IF(H27="411359","Projet",IF(H27="ERMD 4051476","Projet",IF(H27="11610209","Budget"))))))) -> FALSE | B27: 8102468889 | C27: Vali | D27: Prestation | E27: =VLOOKUP(D27,TabCat,2,FALSE) -> 80101507 | F27: llll | G27: =VLOOKUP(F27,TabFour,2,FALSE) -> 1053818 | H27: 40483630020 | I27: 1 | J27: 43320 | K27: 137910.08 | L27: ? | M27: 0 | N27: =IF(ISBLANK(O27),"",TEXT(O27,"aaaamm"))
A28: =IF(H28="MMD Guardian 40483630020","Projet",IF(H28="ERMD 40458980020","Projet",IF(H28="ERMD 40483630020","Projet",IF(H28="DI Labo 40465840010","Projet",IF(H28="411359","Projet",IF(H28="ERMD 4051476","Projet",IF(H28="11610209","Budget"))))))) -> FALSE | E28: =VLOOKUP(D28,TabCat,2,FALSE) -> #N/A | G28: =VLOOKUP(F28,TabFour,2,FALSE) -> #N/A | H28: 40465840010 | M28: 0 | N28: =IF(ISBLANK(O28),"",TEXT(O28,"aaaamm"))
A29: =IF(H29="MMD Guardian 40483630020","Projet",IF(H29="ERMD 40458980020","Projet",IF(H29="ERMD 40483630020","Projet",IF(H29="DI Labo 40465840010","Projet",IF(H29="411359","Projet",IF(H29="ERMD 4051476","Projet",IF(H29="11610209","Budget"))))))) -> FALSE | E29: =VLOOKUP(D29,TabCat,2,FALSE) -> #N/A | G29: =VLOOKUP(F29,TabFour,2,FALSE) -> #N/A | M29: 0 | N29: =IF(ISBLANK(O29),"",TEXT(O29,"aaaamm"))
A30: =IF(H30="MMD Guardian 40483630020","Projet",IF(H30="ERMD 40458980020","Projet",IF(H30="ERMD 40483630020","Projet",IF(H30="DI Labo 40465840010","Projet",IF(H30="411359","Projet",IF(H30="ERMD 4051476","Projet",IF(H30="11610209","Budget"))))))) -> FALSE | B30: 8102469636 | C30: Presta | D30: Prestation | E30: =VLOOKUP(D30,TabCat,2,FALSE) -> 80101507 | F30: llll | G30: =VLOOKUP(F30,TabFour,2,FALSE) -> 1053818 | H30: 40483630020 | I30: 1 | J30: 43320 | K30: 137910.08 | L30: ? | M30: 0 | N30: =IF(ISBLANK(O30),"",TEXT(O30,"aaaamm"))
A31: =IF(H31="MMD Guardian 40483630020","Projet",IF(H31="ERMD 40458980020","Projet",IF(H31="ERMD 40483630020","Projet",IF(H31="DI Labo 40465840010","Projet",IF(H31="411359","Projet",IF(H31="ERMD 4051476","Projet",IF(H31="11610209","Budget"))))))) -> FALSE | E31: =VLOOKUP(D31,TabCat,2,FALSE) -> #N/A | G31: =VLOOKUP(F31,TabFour,2,FALSE) -> #N/A | H31: 40465840010 | M31: 0 | N31: =IF(ISBLANK(O31),"",TEXT(O31,"aaaamm"))
A32: =IF(H32="MMD Guardian 40483630020","Projet",IF(H32="ERMD 40458980020","Projet",IF(H32="ERMD 40483630020","Projet",IF(H32="DI Labo 40465840010","Projet",IF(H32="411359","Projet",IF(H32="ERMD 4051476","Projet",IF(H32="11610209","Budget"))))))) -> FALSE | E32: =VLOOKUP(D32,TabCat,2,FALSE) -> #N/A | G32: =VLOOKUP(F32,TabFour,2,FALSE) -> #N/A | M32: 0 | N32: =IF(ISBLANK(O32),"",TEXT(O32,"aaaamm"))
A33: =IF(H33="MMD Guardian 40483630020","Projet",IF(H33="ERMD 40458980020","Projet",IF(H33="ERMD 40483630020","Projet",IF(H33="DI Labo 40465840010","Projet",IF(H33="411359","Projet",IF(H33="ERMD 4051476","Projet",IF(H33="11610209","Budget"))))))) -> FALSE | B33: 8102532570 | C33: Presta | D33: Prestation | E33: =VLOOKUP(D33,TabCat,2,FALSE) -> 80101507 | F33: llll | G33: =VLOOKUP(F33,TabFour,2,FALSE) -> 1053818 | H33: 40483630020 | I33: 1 | J33: 43392 | K33: 9900 | L33: =K33-8680 -> 1220 | M33: 3560 | N33: =IF(ISBLANK(O33),"",TEXT(O33,"aaaamm")) -> 201901 | O33: 43486 | P33: 5113177044 | Q33: Décembre
A34: =IF(H34="MMD Guardian 40483630020","Projet",IF(H34="ERMD 40458980020","Projet",IF(H34="ERMD 40483630020","Projet",IF(H34="DI Labo 40465840010","Projet",IF(H34="411359","Projet",IF(H34="ERMD 4051476","Projet",IF(H34="11610209","Budget"))))))) -> FALSE | B34: 8102532570 | C34: Presta | D34: Prestation | E34: =VLOOKUP(D34,TabCat,2,FALSE) -> 80101507 | F34: llll | G34: =VLOOKUP(F34,TabFour,2,FALSE) -> 1053818 | H34: 40465840010 | I34: 1 | M34: 0 | N34: =IF(ISBLANK(O34),"",TEXT(O34,"aaaamm"))
A35: =IF(H35="MMD Guardian 40483630020","Projet",IF(H35="ERMD 40458980020","Projet",IF(H35="ERMD 40483630020","Projet",IF(H35="DI Labo 40465840010","Projet",IF(H35="411359","Projet",IF(H35="ERMD 4051476","Projet",IF(H35="11610209","Budget"))))))) -> FALSE | B35: 8102532570 | C35: Presta | D35: Prestation | E35: =VLOOKUP(D35,TabCat,2,FALSE) -> 80101507 | F35: llll | G35: =VLOOKUP(F35,TabFour,2,FALSE) -> 1053818 | H35: 40483630020 | I35: 1 | M35: 0 | N35: =IF(ISBLANK(O35),"",TEXT(O35,"aaaamm"))
A36: =IF(H36="MMD Guardian 40483630020","Projet",IF(H36="ERMD 40458980020","Projet",IF(H36="ERMD 40483630020","Projet",IF(H36="DI Labo 40465840010","Projet",IF(H36="411359","Projet",IF(H36="ERMD 4051476","Projet",IF(H36="11610209","Budget"))))))) -> FALSE | E36: =VLOOKUP(D36,TabCat,2,FALSE) -> #N/A | G36: =VLOOKUP(F36,TabFour,2,FALSE) -> #N/A | H36: 40465840010 | M36: 0 | N36: =IF(ISBLANK(O36),"",TEXT(O36,"aaaamm"))
A37: =IF(H37="MMD Guardian 40483630020","Projet",IF(H37="ERMD 40458980020","Projet",IF(H37="ERMD 40483630020","Projet",IF(H37="DI Labo 40465840010","Projet",IF(H37="411359","Projet",IF(H37="ERMD 4051476","Projet",IF(H37="11610209","Budget"))))))) -> FALSE | E37: =VLOOKUP(D37,TabCat,2,FALSE) -> #N/A | G37: =VLOOKUP(F37,TabFour,2,FALSE) -> #N/A | M37: 0 | N37: =IF(ISBLANK(O37),"",TEXT(O37,"aaaamm"))
A38: =IF(H38="MMD Guardian 40483630020","Projet",IF(H38="ERMD 40458980020","Projet",IF(H38="ERMD 40483630020","Projet",IF(H38="DI Labo 40465840010","Projet",IF(H38="411359","Projet",IF(H38="ERMD 4051476","Projet",IF(H38="11610209","Budget"))))))) -> FALSE | B38: 8102591442 | D38: Prestation | E38: =VLOOKUP(D38,TabCat,2,FALSE) -> 80101507 | F38: mmm | G38: =VLOOKUP(F38,TabFour,2,FALSE) -> 10743683 | H38: 40483630020 | I38: 1 | J38: 43446 | K38: 150500 | L38: ? | M38: 0 | N38: =IF(ISBLANK(O38),"",TEXT(O38,"aaaamm"))
A39: =IF(H39="MMD Guardian 40483630020","Projet",IF(H39="ERMD 40458980020","Projet",IF(H39="ERMD 40483630020","Projet",IF(H39="DI Labo 40465840010","Projet",IF(H39="411359","Projet",IF(H39="ERMD 4051476","Projet",IF(H39="11610209","Budget"))))))) -> FALSE | E39: =VLOOKUP(D39,TabCat,2,FALSE) -> #N/A | G39: =VLOOKUP(F39,TabFour,2,FALSE) -> #N/A | H39: 40465840010 | M39: 0 | N39: =IF(ISBLANK(O39),"",TEXT(O39,"aaaamm"))
A40: =IF(H40="MMD Guardian 40483630020","Projet",IF(H40="ERMD 40458980020","Projet",IF(H40="ERMD 40483630020","Projet",IF(H40="DI Labo 40465840010","Projet",IF(H40="411359","Projet",IF(H40="ERMD 4051476","Projet",IF(H40="11610209","Budget"))))))) -> FALSE | B40: 8102576845 | D40: Matériel Informatique | E40: =VLOOKUP(D40,TabCat,2,FALSE) -> 43211600 | F40: hhh | G40: =VLOOKUP(F40,TabFour,2,FALSE) -> 1011159 | H40: 11610209 | I40: 8 | J40: 43437 | K40: 672 | L40: ? | M40: 0 | N40: =IF(ISBLANK(O40),"",TEXT(O40,"aaaamm"))
A41: =IF(H41="MMD Guardian 40483630020","Projet",IF(H41="ERMD 40458980020","Projet",IF(H41="ERMD 40483630020","Projet",IF(H41="DI Labo 40465840010","Projet",IF(H41="411359","Projet",IF(H41="ERMD 4051476","Projet",IF(H41="11610209","Budget"))))))) -> FALSE | B41: 8102592362 | C41: Clefs maison | D41: Prestation | E41: =VLOOKUP(D41,TabCat,2,FALSE) -> 80101507 | F41: nnn | G41: =VLOOKUP(F41,TabFour,2,FALSE) -> 1345501 | H41: 11610209 | I41: 1 | J41: 43446 | K41: 10400 | L41: =K41-M41 -> 2912 | M41: 7488 | N41: =IF(ISBLANK(O41),"",TEXT(O41,"aaaamm")) -> 201902 | O41: 43507 | P41: 5113242049
A42: =IF(H42="MMD Guardian 40483630020","Projet",IF(H42="ERMD 40458980020","Projet",IF(H42="ERMD 40483630020","Projet",IF(H42="DI Labo 40465840010","Projet",IF(H42="411359","Projet",IF(H42="ERMD 4051476","Projet",IF(H42="11610209","Budget"))))))) -> FALSE | B42: 8102592362 | C42: Clefs maison | D42: Prestation | E42: =VLOOKUP(D42,TabCat,2,FALSE) -> 80101507 | F42: aaa | G42: =VLOOKUP(F42,TabFour,2,FALSE) -> 1301703 | H42: 11610209 | I42: 1
A43: =IF(H43="MMD Guardian 40483630020","Projet",IF(H43="ERMD 40458980020","Projet",IF(H43="ERMD 40483630020","Projet",IF(H43="DI Labo 40465840010","Projet",IF(H43="411359","Projet",IF(H43="ERMD 4051476","Projet",IF(H43="11610209","Budget"))))))) -> FALSE
A44: =IF(H44="MMD Guardian 40483630020","Projet",IF(H44="ERMD 40458980020","Projet",IF(H44="ERMD 40483630020","Projet",IF(H44="DI Labo 40465840010","Projet",IF(H44="411359","Projet",IF(H44="ERMD 4051476","Projet",IF(H44="11610209","Budget"))))))) -> FALSE | C44: Val12m | D44: Prestation | E44: =VLOOKUP(D44,TabCat,2,FALSE) -> 80101507 | F44: aaa | G44: =VLOOKUP(F44,TabFour,2,FALSE) -> 1301703 | H44: N/A | I44: 1 | M44: 0 | N44: =IF(ISBLANK(O44),"",TEXT(O44,"aaaamm"))
A45: =IF(H45="MMD Guardian 40483630020","Projet",IF(H45="ERMD 40458980020","Projet",IF(H45="ERMD 40483630020","Projet",IF(H45="DI Labo 40465840010","Projet",IF(H45="411359","Projet",IF(H45="ERMD 4051476","Projet",IF(H45="11610209","Budget"))))))) -> FALSE | B45: 8102624155 | C45: Lab 12m | D45: Fournitures | E45: =VLOOKUP(D45,TabCat,2,FALSE) -> 44120000 | F45: aaa | G45: =VLOOKUP(F45,TabFour,2,FALSE) -> 1301703 | H45: 11610209 | I45: 5 | J45: 43489 | K45: 87.4 | M45: 0 | N45: =IF(ISBLANK(O45),"",TEXT(O45,"aaaamm"))
A46: =IF(H46="MMD Guardian 40483630020","Projet",IF(H46="ERMD 40458980020","Projet",IF(H46="ERMD 40483630020","Projet",IF(H46="DI Labo 40465840010","Projet",IF(H46="411359","Projet",IF(H46="ERMD 4051476","Projet",IF(H46="11610209","Budget"))))))) -> FALSE | C46: Solex | D46: Prestation | E46: =VLOOKUP(D46,TabCat,2,FALSE) -> 80101507 | F46: mmm | G46: =VLOOKUP(F46,TabFour,2,FALSE) -> 10743683 | H46: 40458980020 | I46: 1 | J46: 43497 | K46: 17000 | L46: ? | M46: 0 | N46: =IF(ISBLANK(O46),"",TEXT(O46,"aaaamm"))
A47: =IF(H47="MMD Guardian 40483630020","Projet",IF(H47="ERMD 40458980020","Projet",IF(H47="ERMD 40483630020","Projet",IF(H47="DI Labo 40465840010","Projet",IF(H47="411359","Projet",IF(H47="ERMD 4051476","Projet",IF(H47="11610209","Budget"))))))) -> FALSE | B47: 8102637514 | C47: Clefs maison | D47: Fournitures | E47: =VLOOKUP(D47,TabCat,2,FALSE) -> 44120000 | F47: mmm | G47: =VLOOKUP(F47,TabFour,2,FALSE) -> 10743683 | H47: 40458980020 | I47: 8 | J47: 43500 | K47: 672 | L47: ? | M47: 0 | N47: =IF(ISBLANK(O47),"",TEXT(O47,"aaaamm"))
A48: =IF(H48="MMD Guardian 40483630020","Projet",IF(H48="ERMD 40458980020","Projet",IF(H48="ERMD 40483630020","Projet",IF(H48="DI Labo 40465840010","Projet",IF(H48="411359","Projet",IF(H48="ERMD 4051476","Projet",IF(H48="11610209","Budget"))))))) -> FALSE | B48: 8102638473 | C48: Fournitures administratives 2 | D48: Fournitures | E48: =VLOOKUP(D48,TabCat,2,FALSE) -> 44120000 | F48: mmm | G48: =VLOOKUP(F48,TabFour,2,FALSE) -> 10743683 | H48: 11610209 | I48: 7 | J48: 43501 | K48: 47.48 | M48: 0 | N48: =IF(ISBLANK(O48),"",TEXT(O48,"aaaamm"))
A49: =IF(H49="MMD Guardian 40483630020","Projet",IF(H49="ERMD 40458980020","Projet",IF(H49="ERMD 40483630020","Projet",IF(H49="DI Labo 40465840010","Projet",IF(H49="411359","Projet",IF(H49="ERMD 4051476","Projet",IF(H49="11610209","Budget"))))))) -> FALSE | C49: Microsoft V | D49: Licence | E49: =VLOOKUP(D49,TabCat,2,FALSE) -> 43230000 | F49: mmm | G49: =VLOOKUP(F49,TabFour,2,FALSE) -> 10743683 | H49: 11610209 | I49: 1 | J49: 43507 | K49: 308 | M49: 0 | N49: =IF(ISBLANK(O49),"",TEXT(O49,"aaaamm"))
A50: =IF(H50="MMD Guardian 40483630020","Projet",IF(H50="ERMD 40458980020","Projet",IF(H50="ERMD 40483630020","Projet",IF(H50="DI Labo 40465840010","Projet",IF(H50="411359","Projet",IF(H50="ERMD 4051476","Projet",IF(H50="11610209","Budget"))))))) -> FALSE | E50: =VLOOKUP(D50,TabCat,2,FALSE) -> #N/A | G50: =VLOOKUP(F50,TabFour,2,FALSE) -> #N/A | M50: 0 | N50: =IF(ISBLANK(O50),"",TEXT(O50,"aaaamm"))
A51: =IF(H51="MMD Guardian 40483630020","Projet",IF(H51="ERMD 40458980020","Projet",IF(H51="ERMD 40483630020","Projet",IF(H51="DI Labo 40465840010","Projet",IF(H51="411359","Projet",IF(H51="ERMD 4051476","Projet",IF(H51="11610209","Budget"))))))) -> FALSE | E51: =VLOOKUP(D51,TabCat,2,FALSE) -> #N/A | G51: =VLOOKUP(F51,TabFour,2,FALSE) -> #N/A | M51: 0 | N51: =IF(ISBLANK(O51),"",TEXT(O51,"aaaamm"))
A52: =IF(H52="MMD Guardian 40483630020","Projet",IF(H52="ERMD 40458980020","Projet",IF(H52="ERMD 40483630020","Projet",IF(H52="DI Labo 40465840010","Projet",IF(H52="411359","Projet",IF(H52="ERMD 4051476","Projet",IF(H52="11610209","Budget"))))))) -> FALSE | E52: =VLOOKUP(D52,TabCat,2,FALSE) -> #N/A | G52: =VLOOKUP(F52,TabFour,2,FALSE) -> #N/A | M52: 0 | N52: =IF(ISBLANK(O52),"",TEXT(O52,"aaaamm"))
A53: =IF(H53="MMD Guardian 40483630020","Projet",IF(H53="ERMD 40458980020","Projet",IF(H53="ERMD 40483630020","Projet",IF(H53="DI Labo 40465840010","Projet",IF(H53="411359","Projet",IF(H53="ERMD 4051476","Projet",IF(H53="11610209","Budget"))))))) -> FALSE | E53: =VLOOKUP(D53,TabCat,2,FALSE) -> #N/A | G53: =VLOOKUP(F53,TabFour,2,FALSE) -> #N/A | M53: 0 | N53: =IF(ISBLANK(O53),"",TEXT(O53,"aaaamm"))
A54: =IF(H54="MMD Guardian 40483630020","Projet",IF(H54="ERMD 40458980020","Projet",IF(H54="ERMD 40483630020","Projet",IF(H54="DI Labo 40465840010","Projet",IF(H54="411359","Projet",IF(H54="ERMD 4051476","Projet",IF(H54="11610209","Budget"))))))) -> FALSE | E54: =VLOOKUP(D54,TabCat,2,FALSE) -> #N/A | G54: =VLOOKUP(F54,TabFour,2,FALSE) -> #N/A | M54: 0 | N54: =IF(ISBLANK(O54),"",TEXT(O54,"aaaamm"))
E55: =VLOOKUP(D55,TabCat,2,FALSE) -> #N/A | G55: =VLOOKUP(F55,TabFour,2,FALSE) -> #N/A | M55: 0 | N55: =IF(ISBLANK(O55),"",TEXT(O55,"aaaamm"))
E56: =VLOOKUP(D56,TabCat,2,FALSE) -> #N/A | G56: =VLOOKUP(F56,TabFour,2,FALSE) -> #N/A | M56: 0 | N56: =IF(ISBLANK(O56),"",TEXT(O56,"aaaamm"))
E57: =VLOOKUP(D57,TabCat,2,FALSE) -> #N/A | G57: =VLOOKUP(F57,TabFour,2,FALSE) -> #N/A | M57: 0 | N57: =IF(ISBLANK(O57),"",TEXT(O57,"aaaamm"))
E58: =VLOOKUP(D58,TabCat,2,FALSE) -> #N/A | G58: =VLOOKUP(F58,TabFour,2,FALSE) -> #N/A | M58: 0 | N58: =IF(ISBLANK(O58),"",TEXT(O58,"aaaamm"))
E59: =VLOOKUP(D59,TabCat,2,FALSE) -> #N/A | G59: =VLOOKUP(F59,TabFour,2,FALSE) -> #N/A | M59: 0 | N59: =IF(ISBLANK(O59),"",TEXT(O59,"aaaamm"))
E60: =VLOOKUP(D60,TabCat,2,FALSE) -> #N/A | G60: =VLOOKUP(F60,TabFour,2,FALSE) -> #N/A | M60: 0 | N60: =IF(ISBLANK(O60),"",TEXT(O60,"aaaamm"))
E61: =VLOOKUP(D61,TabCat,2,FALSE) -> #N/A | G61: =VLOOKUP(F61,TabFour,2,FALSE) -> #N/A | M61: 0 | N61: =IF(ISBLANK(O61),"",TEXT(O61,"aaaamm"))
E62: =VLOOKUP(D62,TabCat,2,FALSE) -> #N/A | G62: =VLOOKUP(F62,TabFour,2,FALSE) -> #N/A | M62: 0 | N62: =IF(ISBLANK(O62),"",TEXT(O62,"aaaamm"))
E63: =VLOOKUP(D63,TabCat,2,FALSE) -> #N/A | G63: =VLOOKUP(F63,TabFour,2,FALSE) -> #N/A | M63: 0 | N63: =IF(ISBLANK(O63),"",TEXT(O63,"aaaamm"))
E64: =VLOOKUP(D64,TabCat,2,FALSE) -> #N/A | G64: =VLOOKUP(F64,TabFour,2,FALSE) -> #N/A | M64: 0 | N64: =IF(ISBLANK(O64),"",TEXT(O64,"aaaamm"))
E65: =VLOOKUP(D65,TabCat,2,FALSE) -> #N/A | G65: =VLOOKUP(F65,TabFour,2,FALSE) -> #N/A | M65: 0 | N65: =IF(ISBLANK(O65),"",TEXT(O65,"aaaamm"))
E66: =VLOOKUP(D66,TabCat,2,FALSE) -> #N/A | G66: =VLOOKUP(F66,TabFour,2,FALSE) -> #N/A | M66: 0 | N66: =IF(ISBLANK(O66),"",TEXT(O66,"aaaamm"))
... E90: =VLOOKUP(D90,TabCat,2,FALSE) -> #N/A | G90: =VLOOKUP(F90,TabFour,2,FALSE) -> #N/A | M90: 0 | N90: =IF(ISBLANK(O90),"",TEXT(O90,"aaaamm"))
E91: =VLOOKUP(D91,TabCat,2,FALSE) -> #N/A | G91: =VLOOKUP(F91,TabFour,2,FALSE) -> #N/A | N91: =IF(ISBLANK(O91),"",TEXT(O91,"aaaamm"))
E92: =VLOOKUP(D92,TabCat,2,FALSE) -> #N/A | G92: =VLOOKUP(F92,TabFour,2,FALSE) -> #N/A | N92: =IF(ISBLANK(O92),"",TEXT(O92,"aaaamm"))
E93: =VLOOKUP(D93,TabCat,2,FALSE) -> #N/A | G93: =VLOOKUP(F93,TabFour,2,FALSE) -> #N/A | N93: =IF(ISBLANK(O93),"",TEXT(O93,"aaaamm"))
E94: =VLOOKUP(D94,TabCat,2,FALSE) -> #N/A | G94: =VLOOKUP(F94,TabFour,2,FALSE) -> #N/A | N94: =IF(ISBLANK(O94),"",TEXT(O94,"aaaamm"))
E95: =VLOOKUP(D95,TabCat,2,FALSE) -> #N/A | G95: =VLOOKUP(F95,TabFour,2,FALSE) -> #N/A | N95: =IF(ISBLANK(O95),"",TEXT(O95,"aaaamm"))
E96: =VLOOKUP(D96,TabCat,2,FALSE) -> #N/A | G96: =VLOOKUP(F96,TabFour,2,FALSE) -> #N/A | N96: =IF(ISBLANK(O96),"",TEXT(O96,"aaaamm"))
E97: =VLOOKUP(D97,TabCat,2,FALSE) -> #N/A | G97: =VLOOKUP(F97,TabFour,2,FALSE) -> #N/A | N97: =IF(ISBLANK(O97),"",TEXT(O97,"aaaamm"))
E98: =VLOOKUP(D98,TabCat,2,FALSE) -> #N/A | G98: =VLOOKUP(F98,TabFour,2,FALSE) -> #N/A | N98: =IF(ISBLANK(O98),"",TEXT(O98,"aaaamm"))
E99: =VLOOKUP(D99,TabCat,2,FALSE) -> #N/A | G99: =VLOOKUP(F99,TabFour,2,FALSE) -> #N/A | N99: =IF(ISBLANK(O99),"",TEXT(O99,"aaaamm"))
E100: =VLOOKUP(D100,TabCat,2,FALSE) -> #N/A | G100: =VLOOKUP(F100,TabFour,2,FALSE) -> #N/A | N100: =IF(ISBLANK(O100),"",TEXT(O100,"aaaamm"))
E101: =VLOOKUP(D101,TabCat,2,FALSE) -> #N/A | G101: =VLOOKUP(F101,TabFour,2,FALSE) -> #N/A | N101: =IF(ISBLANK(O101),"",TEXT(O101,"aaaamm"))
E102: =VLOOKUP(D102,TabCat,2,FALSE) -> #N/A | G102: =VLOOKUP(F102,TabFour,2,FALSE) -> #N/A | N102: =IF(ISBLANK(O102),"",TEXT(O102,"aaaamm"))
... E203: =VLOOKUP(D203,TabCat,2,FALSE) -> #N/A | G203: =VLOOKUP(F203,TabFour,2,FALSE) -> #N/A | N203: =IF(ISBLANK(O203),"",TEXT(O203,"aaaamm"))
E204: =VLOOKUP(D204,TabCat,2,FALSE) -> #N/A | G204: =VLOOKUP(F204,TabFour,2,FALSE) -> #N/A
E205: =VLOOKUP(D205,TabCat,2,FALSE) -> #N/A | G205: =VLOOKUP(F205,TabFour,2,FALSE) -> #N/A
E206: =VLOOKUP(D206,TabCat,2,FALSE) -> #N/A | G206: =VLOOKUP(F206,TabFour,2,FALSE) -> #N/A
E207: =VLOOKUP(D207,TabCat,2,FALSE) -> #N/A | G207: =VLOOKUP(F207,TabFour,2,FALSE) -> #N/A
E208: =VLOOKUP(D208,TabCat,2,FALSE) -> #N/A | G208: =VLOOKUP(F208,TabFour,2,FALSE) -> #N/A
E209: =VLOOKUP(D209,TabCat,2,FALSE) -> #N/A | G209: =VLOOKUP(F209,TabFour,2,FALSE) -> #N/A
E210: =VLOOKUP(D210,TabCat,2,FALSE) -> #N/A | G210: =VLOOKUP(F210,TabFour,2,FALSE) -> #N/A
E211: =VLOOKUP(D211,TabCat,2,FALSE) -> #N/A | G211: =VLOOKUP(F211,TabFour,2,FALSE) -> #N/A
E212: =VLOOKUP(D212,TabCat,2,FALSE) -> #N/A | G212: =VLOOKUP(F212,TabFour,2,FALSE) -> #N/A
E213: =VLOOKUP(D213,TabCat,2,FALSE) -> #N/A | G213: =VLOOKUP(F213,TabFour,2,FALSE) -> #N/A
E214: =VLOOKUP(D214,TabCat,2,FALSE) -> #N/A | G214: =VLOOKUP(F214,TabFour,2,FALSE) -> #N/A
E215: =VLOOKUP(D215,TabCat,2,FALSE) -> #N/A | G215: =VLOOKUP(F215,TabFour,2,FALSE) -> #N/A
... E433: =VLOOKUP(D433,TabCat,2,FALSE) -> #N/A | G433: =VLOOKUP(F433,TabFour,2,FALSE) -> #N/A
E434: =VLOOKUP(D434,TabCat,2,FALSE) -> #N/A | G434: =VLOOKUP(F434,TabFour,2,FALSE) -> #N/A | M434: 0
E435: =VLOOKUP(D435,TabCat,2,FALSE) -> #N/A | G435: =VLOOKUP(F435,TabFour,2,FALSE) -> #N/A | M435: 0
E436: =VLOOKUP(D436,TabCat,2,FALSE) -> #N/A | G436: =VLOOKUP(F436,TabFour,2,FALSE) -> #N/A
E437: =VLOOKUP(D437,TabCat,2,FALSE) -> #N/A | G437: =VLOOKUP(F437,TabFour,2,FALSE) -> #N/A
E438: =VLOOKUP(D438,TabCat,2,FALSE) -> #N/A | G438: =VLOOKUP(F438,TabFour,2,FALSE) -> #N/A

Sheet Reporting projet
A1: PROJETS IT 2019 | C1: 201901 | D1: 201902 | E1: 201903 | F1: 201904 | G1: 201905 | H1: 201906 | I1: 201907 | J1: 201908 | K1: 201909 | L1: 201910 | M1: 201911 | N1: 201912 | O1: Commande Total HT
C2: Janvier | D2: Février | E2: Mars | F2: Avril | G2: Mai | H2: Juin | I2: Juillet | J2: Août | K2: Septembre | L2: Octobre | M2: Novembre | N2: Décembre | O2: Commandés | P2: Facturés | Q2: Reste à payer
A3: Prestations (Licences+ Logiciels+Travaux) | B3: Codes ID
A4: Presta | B4: =VLOOKUP(A4,Supplies!C5:H60,6,FALSE) -> 40483630020 | C4: =SUMIFS(Supplies!$M:$M,Supplies!$C:$C,'Reporting projet'!$A4,Supplies!$N:$N,'Reporting projet'!C$1) -> 3560 | D4: =SUMIFS(Supplies!$M:$M,Supplies!$C:$C,'Reporting projet'!$A4,Supplies!$N:$N,'Reporting projet'!D$1) -> 0 | E4: =SUMIFS(Supplies!$M:$M,Supplies!$C:$C,'Reporting projet'!$A4,Supplies!$N:$N,'Reporting projet'!E$1) -> 0 | F4: =SUMIFS(Supplies!$M:$M,Supplies!$C:$C,'Reporting projet'!$A4,Supplies!$N:$N,'Reporting projet'!F$1) -> 0 | G4: =SUMIFS(Supplies!$M:$M,Supplies!$C:$C,'Reporting projet'!$A4,Supplies!$N:$N,'Reporting projet'!G$1) -> 0 | H4: =SUMIFS(Supplies!$M:$M,Supplies!$C:$C,'Reporting projet'!$A4,Supplies!$N:$N,'Reporting projet'!H$1) -> 0 | I4: =SUMIFS(Supplies!$M:$M,Supplies!$C:$C,'Reporting projet'!$A4,Supplies!$N:$N,'Reporting projet'!I$1) -> 0 | J4: =SUMIFS(Supplies!$M:$M,Supplies!$C:$C,'Reporting projet'!$A4,Supplies!$N:$N,'Reporting projet'!J$1) -> 0 | ... N4: =SUMIFS(Supplies!$M:$M,Supplies!$C:$C,'Reporting projet'!$A4,Supplies!$N:$N,'Reporting projet'!N$1) -> 0 | O4: =VLOOKUP(A4,Supplies!C5:K81,10,FALSE) -> #REF! | P4: =SUM(C4:N4) -> 3560 | Q4: =O4-P4 -> #REF!
A5: Win | B5: =VLOOKUP(A5,Supplies!C6:H61,6,FALSE) -> #N/A | C5: =SUMIFS(Supplies!$M:$M,Supplies!$C:$C,'Reporting projet'!$A5,Supplies!$N:$N,'Reporting projet'!C$1) -> 0 | D5: =SUMIFS(Supplies!$M:$M,Supplies!$C:$C,'Reporting projet'!$A5,Supplies!$N:$N,'Reporting projet'!D$1) -> 0 | E5: =SUMIFS(Supplies!$M:$M,Supplies!$C:$C,'Reporting projet'!$A5,Supplies!$N:$N,'Reporting projet'!E$1) -> 0 | F5: =SUMIFS(Supplies!$M:$M,Supplies!$C:$C,'Reporting projet'!$A5,Supplies!$N:$N,'Reporting projet'!F$1) -> 0 | G5: =SUMIFS(Supplies!$M:$M,Supplies!$C:$C,'Reporting projet'!$A5,Supplies!$N:$N,'Reporting projet'!G$1) -> 0 | H5: =SUMIFS(Supplies!$M:$M,Supplies!$C:$C,'Reporting projet'!$A5,Supplies!$N:$N,'Reporting projet'!H$1) -> 0 | I5: =SUMIFS(Supplies!$M:$M,Supplies!$C:$C,'Reporting projet'!$A5,Supplies!$N:$N,'Reporting projet'!I$1) -> 0 | J5: =SUMIFS(Supplies!$M:$M,Supplies!$C:$C,'Reporting projet'!$A5,Supplies!$N:$N,'Reporting projet'!J$1) -> 0 | ... N5: =SUMIFS(Supplies!$M:$M,Supplies!$C:$C,'Reporting projet'!$A5,Supplies!$N:$N,'Reporting projet'!N$1) -> 0 | O5: =VLOOKUP(A5,Supplies!C6:K82,10,FALSE) -> #N/A | P5: =SUM(C5:N5) -> 0 | Q5: =O5-P5 -> #N/A
A6: Val12m | B6: =VLOOKUP(A6,Supplies!C7:H62,6,FALSE) -> N/A | C6: =SUMIFS(Supplies!$M:$M,Supplies!$C:$C,'Reporting projet'!$A6,Supplies!$N:$N,'Reporting projet'!C$1) -> 0 | D6: =SUMIFS(Supplies!$M:$M,Supplies!$C:$C,'Reporting projet'!$A6,Supplies!$N:$N,'Reporting projet'!D$1) -> 0 | E6: =SUMIFS(Supplies!$M:$M,Supplies!$C:$C,'Reporting projet'!$A6,Supplies!$N:$N,'Reporting projet'!E$1) -> 0 | F6: =SUMIFS(Supplies!$M:$M,Supplies!$C:$C,'Reporting projet'!$A6,Supplies!$N:$N,'Reporting projet'!F$1) -> 0 | G6: =SUMIFS(Supplies!$M:$M,Supplies!$C:$C,'Reporting projet'!$A6,Supplies!$N:$N,'Reporting projet'!G$1) -> 0 | H6: =SUMIFS(Supplies!$M:$M,Supplies!$C:$C,'Reporting projet'!$A6,Supplies!$N:$N,'Reporting projet'!H$1) -> 0 | I6: =SUMIFS(Supplies!$M:$M,Supplies!$C:$C,'Reporting projet'!$A6,Supplies!$N:$N,'Reporting projet'!I$1) -> 0 | J6: =SUMIFS(Supplies!$M:$M,Supplies!$C:$C,'Reporting projet'!$A6,Supplies!$N:$N,'Reporting projet'!J$1) -> 0 | ... N6: =SUMIFS(Supplies!$M:$M,Supplies!$C:$C,'Reporting projet'!$A6,Supplies!$N:$N,'Reporting projet'!N$1) -> 0 | O6: =VLOOKUP(A6,Supplies!C7:K83,10,FALSE) -> #REF! | P6: =SUM(C6:N6) -> 0 | Q6: =O6-P6 -> #REF!
A7: Lab 12m | B7: =VLOOKUP(A7,Supplies!C8:H63,6,FALSE) -> 11610209 | C7: =SUMIFS(Supplies!$M:$M,Supplies!$C:$C,'Reporting projet'!$A7,Supplies!$N:$N,'Reporting projet'!C$1) -> 0 | D7: =SUMIFS(Supplies!$M:$M,Supplies!$C:$C,'Reporting projet'!$A7,Supplies!$N:$N,'Reporting projet'!D$1) -> 0 | E7: =SUMIFS(Supplies!$M:$M,Supplies!$C:$C,'Reporting projet'!$A7,Supplies!$N:$N,'Reporting projet'!E$1) -> 0 | F7: =SUMIFS(Supplies!$M:$M,Supplies!$C:$C,'Reporting projet'!$A7,Supplies!$N:$N,'Reporting projet'!F$1) -> 0 | G7: =SUMIFS(Supplies!$M:$M,Supplies!$C:$C,'Reporting projet'!$A7,Supplies!$N:$N,'Reporting projet'!G$1) -> 0 | H7: =SUMIFS(Supplies!$M:$M,Supplies!$C:$C,'Reporting projet'!$A7,Supplies!$N:$N,'Reporting projet'!H$1) -> 0 | I7: =SUMIFS(Supplies!$M:$M,Supplies!$C:$C,'Reporting projet'!$A7,Supplies!$N:$N,'Reporting projet'!I$1) -> 0 | J7: =SUMIFS(Supplies!$M:$M,Supplies!$C:$C,'Reporting projet'!$A7,Supplies!$N:$N,'Reporting projet'!J$1) -> 0 | ... N7: =SUMIFS(Supplies!$M:$M,Supplies!$C:$C,'Reporting projet'!$A7,Supplies!$N:$N,'Reporting projet'!N$1) -> 0 | O7: =VLOOKUP(A7,Supplies!C8:K84,10,FALSE) -> #REF! | P7: =SUM(C7:N7) -> 0 | Q7: =O7-P7 -> #REF!
A8: Lenel | B8: =VLOOKUP(A8,Supplies!C9:H64,6,FALSE) -> #N/A | C8: =SUMIFS(Supplies!$M:$M,Supplies!$C:$C,'Reporting projet'!$A8,Supplies!$N:$N,'Reporting projet'!C$1) -> 0 | D8: =SUMIFS(Supplies!$M:$M,Supplies!$C:$C,'Reporting projet'!$A8,Supplies!$N:$N,'Reporting projet'!D$1) -> 0 | E8: =SUMIFS(Supplies!$M:$M,Supplies!$C:$C,'Reporting projet'!$A8,Supplies!$N:$N,'Reporting projet'!E$1) -> 0 | F8: =SUMIFS(Supplies!$M:$M,Supplies!$C:$C,'Reporting projet'!$A8,Supplies!$N:$N,'Reporting projet'!F$1) -> 0 | G8: =SUMIFS(Supplies!$M:$M,Supplies!$C:$C,'Reporting projet'!$A8,Supplies!$N:$N,'Reporting projet'!G$1) -> 0 | H8: =SUMIFS(Supplies!$M:$M,Supplies!$C:$C,'Reporting projet'!$A8,Supplies!$N:$N,'Reporting projet'!H$1) -> 0 | I8: =SUMIFS(Supplies!$M:$M,Supplies!$C:$C,'Reporting projet'!$A8,Supplies!$N:$N,'Reporting projet'!I$1) -> 0 | J8: =SUMIFS(Supplies!$M:$M,Supplies!$C:$C,'Reporting projet'!$A8,Supplies!$N:$N,'Reporting projet'!J$1) -> 0 | ... N8: =SUMIFS(Supplies!$M:$M,Supplies!$C:$C,'Reporting projet'!$A8,Supplies!$N:$N,'Reporting projet'!N$1) -> 0 | O8: =VLOOKUP(A8,Supplies!C9:K85,10,FALSE) -> #N/A | P8: =SUM(C8:N8) -> 0 | Q8: =O8-P8 -> #N/A
A9: Projet | B9: =VLOOKUP(A9,Supplies!C10:H65,6,FALSE) -> #N/A | C9: =SUMIFS(Supplies!$M:$M,Supplies!$C:$C,'Reporting projet'!$A9,Supplies!$N:$N,'Reporting projet'!C$1) -> 0 | D9: =SUMIFS(Supplies!$M:$M,Supplies!$C:$C,'Reporting projet'!$A9,Supplies!$N:$N,'Reporting projet'!D$1) -> 0 | E9: =SUMIFS(Supplies!$M:$M,Supplies!$C:$C,'Reporting projet'!$A9,Supplies!$N:$N,'Reporting projet'!E$1) -> 0 | F9: =SUMIFS(Supplies!$M:$M,Supplies!$C:$C,'Reporting projet'!$A9,Supplies!$N:$N,'Reporting projet'!F$1) -> 0 | G9: =SUMIFS(Supplies!$M:$M,Supplies!$C:$C,'Reporting projet'!$A9,Supplies!$N:$N,'Reporting projet'!G$1) -> 0 | H9: =SUMIFS(Supplies!$M:$M,Supplies!$C:$C,'Reporting projet'!$A9,Supplies!$N:$N,'Reporting projet'!H$1) -> 0 | I9: =SUMIFS(Supplies!$M:$M,Supplies!$C:$C,'Reporting projet'!$A9,Supplies!$N:$N,'Reporting projet'!I$1) -> 0 | J9: =SUMIFS(Supplies!$M:$M,Supplies!$C:$C,'Reporting projet'!$A9,Supplies!$N:$N,'Reporting projet'!J$1) -> 0 | ... N9: =SUMIFS(Supplies!$M:$M,Supplies!$C:$C,'Reporting projet'!$A9,Supplies!$N:$N,'Reporting projet'!N$1) -> 0 | O9: =VLOOKUP(A9,Supplies!C10:K86,10,FALSE) -> #N/A | P9: =SUM(C9:N9) -> 0 | Q9: =O9-P9 -> #N/A
A10: W10 | B10: =VLOOKUP(A10,Supplies!C5:K65,6,FALSE) -> #N/A | C10: =SUMIFS(Supplies!$M:$M,Supplies!$C:$C,'Reporting projet'!$A10,Supplies!$N:$N,'Reporting projet'!C$1) -> 0 | D10: =SUMIFS(Supplies!$M:$M,Supplies!$C:$C,'Reporting projet'!$A10,Supplies!$N:$N,'Reporting projet'!D$1) -> 0 | E10: =SUMIFS(Supplies!$M:$M,Supplies!$C:$C,'Reporting projet'!$A10,Supplies!$N:$N,'Reporting projet'!E$1) -> 0 | F10: =SUMIFS(Supplies!$M:$M,Supplies!$C:$C,'Reporting projet'!$A10,Supplies!$N:$N,'Reporting projet'!F$1) -> 0 | G10: =SUMIFS(Supplies!$M:$M,Supplies!$C:$C,'Reporting projet'!$A10,Supplies!$N:$N,'Reporting projet'!G$1) -> 0 | H10: =SUMIFS(Supplies!$M:$M,Supplies!$C:$C,'Reporting projet'!$A10,Supplies!$N:$N,'Reporting projet'!H$1) -> 0 | I10: =SUMIFS(Supplies!$M:$M,Supplies!$C:$C,'Reporting projet'!$A10,Supplies!$N:$N,'Reporting projet'!I$1) -> 0 | J10: =SUMIFS(Supplies!$M:$M,Supplies!$C:$C,'Reporting projet'!$A10,Supplies!$N:$N,'Reporting projet'!J$1) -> 0 | ... N10: =SUMIFS(Supplies!$M:$M,Supplies!$C:$C,'Reporting projet'!$A10,Supplies!$N:$N,'Reporting projet'!N$1) -> 0 | O10: =VLOOKUP(A10,Supplies!C5:K66,10,FALSE) -> #N/A | P10: =SUM(C10:N10) -> 0 | Q10: =O10-P10 -> #N/A
A11: Win10 | B11: =VLOOKUP(A11,Supplies!C12:H67,6,FALSE) -> #N/A | C11: =SUMIFS(Supplies!$M:$M,Supplies!$C:$C,'Reporting projet'!$A11,Supplies!$N:$N,'Reporting projet'!C$1) -> 0 | D11: =SUMIFS(Supplies!$M:$M,Supplies!$C:$C,'Reporting projet'!$A11,Supplies!$N:$N,'Reporting projet'!D$1) -> 0 | E11: =SUMIFS(Supplies!$M:$M,Supplies!$C:$C,'Reporting projet'!$A11,Supplies!$N:$N,'Reporting projet'!E$1) -> 0 | F11: =SUMIFS(Supplies!$M:$M,Supplies!$C:$C,'Reporting projet'!$A11,Supplies!$N:$N,'Reporting projet'!F$1) -> 0 | G11: =SUMIFS(Supplies!$M:$M,Supplies!$C:$C,'Reporting projet'!$A11,Supplies!$N:$N,'Reporting projet'!G$1) -> 0 | H11: =SUMIFS(Supplies!$M:$M,Supplies!$C:$C,'Reporting projet'!$A11,Supplies!$N:$N,'Reporting projet'!H$1) -> 0 | I11: =SUMIFS(Supplies!$M:$M,Supplies!$C:$C,'Reporting projet'!$A11,Supplies!$N:$N,'Reporting projet'!I$1) -> 0 | J11: =SUMIFS(Supplies!$M:$M,Supplies!$C:$C,'Reporting projet'!$A11,Supplies!$N:$N,'Reporting projet'!J$1) -> 0 | ... N11: =SUMIFS(Supplies!$M:$M,Supplies!$C:$C,'Reporting projet'!$A11,Supplies!$N:$N,'Reporting projet'!N$1) -> 0 | O11: =VLOOKUP(A11,Supplies!C12:K88,10,FALSE) -> #N/A | P11: =SUM(C11:N11) -> 0 | Q11: =O11-P11 -> #N/A
A12: Li Gu | B12: =VLOOKUP(A12,Supplies!C12:H67,6,FALSE) -> #N/A | C12: =SUMIFS(Supplies!$M:$M,Supplies!$C:$C,'Reporting projet'!$A12,Supplies!$N:$N,'Reporting projet'!C$1) -> 0 | D12: =SUMIFS(Supplies!$M:$M,Supplies!$C:$C,'Reporting projet'!$A12,Supplies!$N:$N,'Reporting projet'!D$1) -> 0 | E12: =SUMIFS(Supplies!$M:$M,Supplies!$C:$C,'Reporting projet'!$A12,Supplies!$N:$N,'Reporting projet'!E$1) -> 0 | F12: =SUMIFS(Supplies!$M:$M,Supplies!$C:$C,'Reporting projet'!$A12,Supplies!$N:$N,'Reporting projet'!F$1) -> 0 | G12: =SUMIFS(Supplies!$M:$M,Supplies!$C:$C,'Reporting projet'!$A12,Supplies!$N:$N,'Reporting projet'!G$1) -> 0 | H12: =SUMIFS(Supplies!$M:$M,Supplies!$C:$C,'Reporting projet'!$A12,Supplies!$N:$N,'Reporting projet'!H$1) -> 0 | I12: =SUMIFS(Supplies!$M:$M,Supplies!$C:$C,'Reporting projet'!$A12,Supplies!$N:$N,'Reporting projet'!I$1) -> 0 | J12: =SUMIFS(Supplies!$M:$M,Supplies!$C:$C,'Reporting projet'!$A12,Supplies!$N:$N,'Reporting projet'!J$1) -> 0 | ... N12: =SUMIFS(Supplies!$M:$M,Supplies!$C:$C,'Reporting projet'!$A12,Supplies!$N:$N,'Reporting projet'!N$1) -> 0 | O12: =VLOOKUP(A12,Supplies!C13:K89,10,FALSE) -> #N/A | P12: =SUM(C12:N12) -> 0 | Q12: =O12-P12 -> #N/A
A13: Tec | B13: =VLOOKUP(A13,Supplies!C13:H68,6,FALSE) -> #N/A | C13: =SUMIFS(Supplies!$M:$M,Supplies!$C:$C,'Reporting projet'!$A13,Supplies!$N:$N,'Reporting projet'!C$1) -> 0 | D13: =SUMIFS(Supplies!$M:$M,Supplies!$C:$C,'Reporting projet'!$A13,Supplies!$N:$N,'Reporting projet'!D$1) -> 0 | E13: =SUMIFS(Supplies!$M:$M,Supplies!$C:$C,'Reporting projet'!$A13,Supplies!$N:$N,'Reporting projet'!E$1) -> 0 | F13: =SUMIFS(Supplies!$M:$M,Supplies!$C:$C,'Reporting projet'!$A13,Supplies!$N:$N,'Reporting projet'!F$1) -> 0 | G13: =SUMIFS(Supplies!$M:$M,Supplies!$C:$C,'Reporting projet'!$A13,Supplies!$N:$N,'Reporting projet'!G$1) -> 0 | H13: =SUMIFS(Supplies!$M:$M,Supplies!$C:$C,'Reporting projet'!$A13,Supplies!$N:$N,'Reporting projet'!H$1) -> 0 | I13: =SUMIFS(Supplies!$M:$M,Supplies!$C:$C,'Reporting projet'!$A13,Supplies!$N:$N,'Reporting projet'!I$1) -> 0 | J13: =SUMIFS(Supplies!$M:$M,Supplies!$C:$C,'Reporting projet'!$A13,Supplies!$N:$N,'Reporting projet'!J$1) -> 0 | ... N13: =SUMIFS(Supplies!$M:$M,Supplies!$C:$C,'Reporting projet'!$A13,Supplies!$N:$N,'Reporting projet'!N$1) -> 0 | O13: =VLOOKUP(A13,Supplies!C14:K90,10,FALSE) -> #N/A | P13: =SUM(C13:N13) -> 0 | Q13: =O13-P13 -> #N/A
A15: TOTAL PRESTATIONS DE SERVICE | C15: =SUM(C4:C13) -> 3560 | D15: =SUM(D4:D13) -> 0 | E15: =SUM(E4:E13) -> 0 | F15: =SUM(F4:F13) -> 0 | G15: =SUM(G4:G13) -> 0 | H15: =SUM(H4:H13) -> 0 | I15: =SUM(I4:I13) -> 0 | J15: =SUM(J4:J13) -> 0 | ... N15: =SUM(N4:N13) -> 0 | O15: =SUM(O4:O9) -> #REF! | P15: =SUM(P4:P9) -> 3560 | Q15: =SUM(Q4:Q9) -> #REF!
A17: Achat de Matériels et Fournitures | B17: Codes ID
A18: Clefs maison | B18: =VLOOKUP(A18,Supplies!C18:H73,6,FALSE) -> 11610209 | C18: =SUMIFS(Supplies!$M:$M,Supplies!$C:$C,'Reporting projet'!$A18,Supplies!$N:$N,'Reporting projet'!C$1) -> 0 | D18: =SUMIFS(Supplies!$M:$M,Supplies!$C:$C,'Reporting projet'!$A18,Supplies!$N:$N,'Reporting projet'!D$1) -> 7488 | E18: =SUMIFS(Supplies!$M:$M,Supplies!$C:$C,'Reporting projet'!$A18,Supplies!$N:$N,'Reporting projet'!E$1) -> 0 | F18: =SUMIFS(Supplies!$M:$M,Supplies!$C:$C,'Reporting projet'!$A18,Supplies!$N:$N,'Reporting projet'!F$1) -> 0 | G18: =SUMIFS(Supplies!$M:$M,Supplies!$C:$C,'Reporting projet'!$A18,Supplies!$N:$N,'Reporting projet'!G$1) -> 0 | H18: =SUMIFS(Supplies!$M:$M,Supplies!$C:$C,'Reporting projet'!$A18,Supplies!$N:$N,'Reporting projet'!H$1) -> 0 | I18: =SUMIFS(Supplies!$M:$M,Supplies!$C:$C,'Reporting projet'!$A18,Supplies!$N:$N,'Reporting projet'!I$1) -> 0 | J18: =SUMIFS(Supplies!$M:$M,Supplies!$C:$C,'Reporting projet'!$A18,Supplies!$N:$N,'Reporting projet'!J$1) -> 0 | ... N18: =SUMIFS(Supplies!$M:$M,Supplies!$C:$C,'Reporting projet'!$A18,Supplies!$N:$N,'Reporting projet'!N$1) -> 0 | O18: =SUMIFS(Supplies!$K:$K,Supplies!$C:$C,'Reporting projet'!A18,Supplies!$K:$K,'Reporting projet'!$O$1) -> 0 | P18: =SUM(C18:N18) -> 7488 | Q18: =O18-P18 -> -7488
C19: =SUMIFS(Supplies!$M:$M,Supplies!$C:$C,'Reporting projet'!$A19,Supplies!$N:$N,'Reporting projet'!C$1) -> 0 | D19: =SUMIFS(Supplies!$M:$M,Supplies!$C:$C,'Reporting projet'!$A19,Supplies!$N:$N,'Reporting projet'!D$1) -> 0 | E19: =SUMIFS(Supplies!$M:$M,Supplies!$C:$C,'Reporting projet'!$A19,Supplies!$N:$N,'Reporting projet'!E$1) -> 0 | F19: =SUMIFS(Supplies!$M:$M,Supplies!$C:$C,'Reporting projet'!$A19,Supplies!$N:$N,'Reporting projet'!F$1) -> 0 | G19: =SUMIFS(Supplies!$M:$M,Supplies!$C:$C,'Reporting projet'!$A19,Supplies!$N:$N,'Reporting projet'!G$1) -> 0 | H19: =SUMIFS(Supplies!$M:$M,Supplies!$C:$C,'Reporting projet'!$A19,Supplies!$N:$N,'Reporting projet'!H$1) -> 0 | I19: =SUMIFS(Supplies!$M:$M,Supplies!$C:$C,'Reporting projet'!$A19,Supplies!$N:$N,'Reporting projet'!I$1) -> 0 | J19: =SUMIFS(Supplies!$M:$M,Supplies!$C:$C,'Reporting projet'!$A19,Supplies!$N:$N,'Reporting projet'!J$1) -> 0 | ... N19: =SUMIFS(Supplies!$M:$M,Supplies!$C:$C,'Reporting projet'!$A19,Supplies!$N:$N,'Reporting projet'!N$1) -> 0 | O19: =SUMIFS(Supplies!$K:$K,Supplies!$C:$C,'Reporting projet'!A19,Supplies!$K:$K,'Reporting projet'!$O$1) -> 0 | P19: =SUM(C19:N19) -> 0 | Q19: =O19-P19 -> 0
A21: TOTAL ACHAT DE MATERIELS ET FOURNITURES | C21: =SUM(C18:C19) -> 0 | D21: =SUM(D18:D19) -> 7488 | E21: =SUM(E18:E19) -> 0 | F21: =SUM(F18:F19) -> 0 | G21: =SUM(G18:G19) -> 0 | H21: =SUM(H18:H19) -> 0 | I21: =SUM(I18:I19) -> 0 | J21: =SUM(J18:J19) -> 0 | ... O21: =SUM(O18:O19) -> 0 | P21: =SUM(P10:P18) -> 11048 | Q21: =SUM(Q18:Q19) -> -7488
A24: TOTAL des dépenses 2019
A25: Dépenses réelles mensuelles | C25: =SUM(C15+C21) -> 3560 | D25: =SUM(D15+D21) -> 7488 | E25: =SUM(E15+E21) -> 0 | F25: =SUM(F15+F21) -> 0 | G25: =SUM(G15+G21) -> 0 | H25: =SUM(H15+H21) -> 0 | I25: =SUM(I15+I21) -> 0 | J25: =SUM(J15+J21) -> 0 | ... Q25: =SUM(Q15+Q21) -> #REF!

Sheet Reporting budget
A1: BUDGET IT 2019 | B1: 11610209 | C1: 201901 | D1: 201902 | E1: 201903 | F1: 201904 | G1: 201905 | H1: 201906 | I1: 201907 | J1: 201908 | K1: 201909 | L1: 201910 | M1: 201911 | N1: 201912 | O1: Commande Total HT
C2: Janvier | D2: Février | E2: Mars | F2: Avril | G2: Mai | H2: Juin | I2: Juillet | J2: Août | K2: Septembre | L2: Octobre | M2: Novembre | N2: Décembre | O2: Commandés | P2: Facturés | Q2: Reste à payer
A3: Fournitures
A4: Fournitures administratives | B4: 11610209 | C4: =SUMIFS(Supplies!$M:$M,Supplies!$C:$C,'Reporting budget'!$A4,Supplies!$N:$N,'Reporting budget'!C$1) -> 0 | D4: =SUMIFS(Supplies!$M:$M,Supplies!$C:$C,'Reporting budget'!$A4,Supplies!$N:$N,'Reporting budget'!D$1) -> 0 | E4: =SUMIFS(Supplies!$M:$M,Supplies!$C:$C,'Reporting budget'!$A4,Supplies!$N:$N,'Reporting budget'!E$1) -> 0 | F4: =SUMIFS(Supplies!$M:$M,Supplies!$C:$C,'Reporting budget'!$A4,Supplies!$N:$N,'Reporting budget'!F$1) -> 0 | G4: =SUMIFS(Supplies!$M:$M,Supplies!$C:$C,'Reporting budget'!$A4,Supplies!$N:$N,'Reporting budget'!G$1) -> 0 | H4: =SUMIFS(Supplies!$M:$M,Supplies!$C:$C,'Reporting budget'!$A4,Supplies!$N:$N,'Reporting budget'!H$1) -> 0 | I4: =SUMIFS(Supplies!$M:$M,Supplies!$C:$C,'Reporting budget'!$A4,Supplies!$N:$N,'Reporting budget'!I$1) -> 0 | J4: =SUMIFS(Supplies!$M:$M,Supplies!$C:$C,'Reporting budget'!$A4,Supplies!$N:$N,'Reporting budget'!J$1) -> 0 | ... N4: =SUMIFS(Supplies!$M:$M,Supplies!$C:$C,'Reporting budget'!$A4,Supplies!$N:$N,'Reporting budget'!N$1) -> 0 | O4: =VLOOKUP(A4,Supplies!C5:K434,9,FALSE) -> #N/A | P4: =SUM(C4:N4) -> 0 | Q4: =O4-P4 -> #N/A
A5: Fournitures administratives 2 | B5: 11610209 | C5: =SUMIFS(Supplies!$M:$M,Supplies!$C:$C,'Reporting budget'!$A5,Supplies!$N:$N,'Reporting budget'!C$1) -> 0 | D5: =SUMIFS(Supplies!$M:$M,Supplies!$C:$C,'Reporting budget'!$A5,Supplies!$N:$N,'Reporting budget'!D$1) -> 0 | E5: =SUMIFS(Supplies!$M:$M,Supplies!$C:$C,'Reporting budget'!$A5,Supplies!$N:$N,'Reporting budget'!E$1) -> 0 | F5: =SUMIFS(Supplies!$M:$M,Supplies!$C:$C,'Reporting budget'!$A5,Supplies!$N:$N,'Reporting budget'!F$1) -> 0 | G5: =SUMIFS(Supplies!$M:$M,Supplies!$C:$C,'Reporting budget'!$A5,Supplies!$N:$N,'Reporting budget'!G$1) -> 0 | H5: =SUMIFS(Supplies!$M:$M,Supplies!$C:$C,'Reporting budget'!$A5,Supplies!$N:$N,'Reporting budget'!H$1) -> 0 | I5: =SUMIFS(Supplies!$M:$M,Supplies!$C:$C,'Reporting budget'!$A5,Supplies!$N:$N,'Reporting budget'!I$1) -> 0 | J5: =SUMIFS(Supplies!$M:$M,Supplies!$C:$C,'Reporting budget'!$A5,Supplies!$N:$N,'Reporting budget'!J$1) -> 0 | ... N5: =SUMIFS(Supplies!$M:$M,Supplies!$C:$C,'Reporting budget'!$A5,Supplies!$N:$N,'Reporting budget'!N$1) -> 0 | O5: =VLOOKUP(A5,Supplies!C6:K435,9,FALSE) -> 47.48 | P5: =SUM(C5:N5) -> 0 | Q5: =O5-P5 -> 47.48
A6: Microsoft V | B6: 11610209 | C6: =SUMIFS(Supplies!$M:$M,Supplies!$C:$C,'Reporting budget'!$A6,Supplies!$N:$N,'Reporting budget'!C$1) -> 0 | D6: =SUMIFS(Supplies!$M:$M,Supplies!$C:$C,'Reporting budget'!$A6,Supplies!$N:$N,'Reporting budget'!D$1) -> 0 | E6: =SUMIFS(Supplies!$M:$M,Supplies!$C:$C,'Reporting budget'!$A6,Supplies!$N:$N,'Reporting budget'!E$1) -> 0 | F6: =SUMIFS(Supplies!$M:$M,Supplies!$C:$C,'Reporting budget'!$A6,Supplies!$N:$N,'Reporting budget'!F$1) -> 0 | G6: =SUMIFS(Supplies!$M:$M,Supplies!$C:$C,'Reporting budget'!$A6,Supplies!$N:$N,'Reporting budget'!G$1) -> 0 | H6: =SUMIFS(Supplies!$M:$M,Supplies!$C:$C,'Reporting budget'!$A6,Supplies!$N:$N,'Reporting budget'!H$1) -> 0 | I6: =SUMIFS(Supplies!$M:$M,Supplies!$C:$C,'Reporting budget'!$A6,Supplies!$N:$N,'Reporting budget'!I$1) -> 0 | J6: =SUMIFS(Supplies!$M:$M,Supplies!$C:$C,'Reporting budget'!$A6,Supplies!$N:$N,'Reporting budget'!J$1) -> 0 | ... N6: =SUMIFS(Supplies!$M:$M,Supplies!$C:$C,'Reporting budget'!$A6,Supplies!$N:$N,'Reporting budget'!N$1) -> 0 | O6: =VLOOKUP(A6,Supplies!C7:K436,9,FALSE) -> 308 | P6: =SUM(C6:N6) -> 0 | Q6: =O6-P6 -> 308
C7: =SUMIFS(Supplies!$M:$M,Supplies!$C:$C,'Reporting budget'!$A7,Supplies!$N:$N,'Reporting budget'!C$1) -> 0 | D7: =SUMIFS(Supplies!$M:$M,Supplies!$C:$C,'Reporting budget'!$A7,Supplies!$N:$N,'Reporting budget'!D$1) -> 0 | E7: =SUMIFS(Supplies!$M:$M,Supplies!$C:$C,'Reporting budget'!$A7,Supplies!$N:$N,'Reporting budget'!E$1) -> 0 | F7: =SUMIFS(Supplies!$M:$M,Supplies!$C:$C,'Reporting budget'!$A7,Supplies!$N:$N,'Reporting budget'!F$1) -> 0 | G7: =SUMIFS(Supplies!$M:$M,Supplies!$C:$C,'Reporting budget'!$A7,Supplies!$N:$N,'Reporting budget'!G$1) -> 0 | H7: =SUMIFS(Supplies!$M:$M,Supplies!$C:$C,'Reporting budget'!$A7,Supplies!$N:$N,'Reporting budget'!H$1) -> 0 | I7: =SUMIFS(Supplies!$M:$M,Supplies!$C:$C,'Reporting budget'!$A7,Supplies!$N:$N,'Reporting budget'!I$1) -> 0 | J7: =SUMIFS(Supplies!$M:$M,Supplies!$C:$C,'Reporting budget'!$A7,Supplies!$N:$N,'Reporting budget'!J$1) -> 0 | ... N7: =SUMIFS(Supplies!$M:$M,Supplies!$C:$C,'Reporting budget'!$A7,Supplies!$N:$N,'Reporting budget'!N$1) -> 0 | O7: =VLOOKUP(A7,Supplies!C9:K438,9,FALSE) -> #N/A | P7: =SUM(C7:N7) -> 0 | Q7: =O7-P7 -> #N/A
C8: =SUMIFS(Supplies!$M:$M,Supplies!$C:$C,'Reporting budget'!$A8,Supplies!$N:$N,'Reporting budget'!C$1) -> 0 | D8: =SUMIFS(Supplies!$M:$M,Supplies!$C:$C,'Reporting budget'!$A8,Supplies!$N:$N,'Reporting budget'!D$1) -> 0 | E8: =SUMIFS(Supplies!$M:$M,Supplies!$C:$C,'Reporting budget'!$A8,Supplies!$N:$N,'Reporting budget'!E$1) -> 0 | F8: =SUMIFS(Supplies!$M:$M,Supplies!$C:$C,'Reporting budget'!$A8,Supplies!$N:$N,'Reporting budget'!F$1) -> 0 | G8: =SUMIFS(Supplies!$M:$M,Supplies!$C:$C,'Reporting budget'!$A8,Supplies!$N:$N,'Reporting budget'!G$1) -> 0 | H8: =SUMIFS(Supplies!$M:$M,Supplies!$C:$C,'Reporting budget'!$A8,Supplies!$N:$N,'Reporting budget'!H$1) -> 0 | I8: =SUMIFS(Supplies!$M:$M,Supplies!$C:$C,'Reporting budget'!$A8,Supplies!$N:$N,'Reporting budget'!I$1) -> 0 | J8: =SUMIFS(Supplies!$M:$M,Supplies!$C:$C,'Reporting budget'!$A8,Supplies!$N:$N,'Reporting budget'!J$1) -> 0 | ... N8: =SUMIFS(Supplies!$M:$M,Supplies!$C:$C,'Reporting budget'!$A8,Supplies!$N:$N,'Reporting budget'!N$1) -> 0 | O8: =VLOOKUP(A8,Supplies!C10:K439,9,FALSE) -> #N/A | P8: =SUM(C8:N8) -> 0 | Q8: =O8-P8 -> #N/A
C9: =SUMIFS(Supplies!$M:$M,Supplies!$C:$C,'Reporting budget'!$A9,Supplies!$N:$N,'Reporting budget'!C$1) -> 0 | D9: =SUMIFS(Supplies!$M:$M,Supplies!$C:$C,'Reporting budget'!$A9,Supplies!$N:$N,'Reporting budget'!D$1) -> 0 | E9: =SUMIFS(Supplies!$M:$M,Supplies!$C:$C,'Reporting budget'!$A9,Supplies!$N:$N,'Reporting budget'!E$1) -> 0 | F9: =SUMIFS(Supplies!$M:$M,Supplies!$C:$C,'Reporting budget'!$A9,Supplies!$N:$N,'Reporting budget'!F$1) -> 0 | G9: =SUMIFS(Supplies!$M:$M,Supplies!$C:$C,'Reporting budget'!$A9,Supplies!$N:$N,'Reporting budget'!G$1) -> 0 | H9: =SUMIFS(Supplies!$M:$M,Supplies!$C:$C,'Reporting budget'!$A9,Supplies!$N:$N,'Reporting budget'!H$1) -> 0 | I9: =SUMIFS(Supplies!$M:$M,Supplies!$C:$C,'Reporting budget'!$A9,Supplies!$N:$N,'Reporting budget'!I$1) -> 0 | J9: =SUMIFS(Supplies!$M:$M,Supplies!$C:$C,'Reporting budget'!$A9,Supplies!$N:$N,'Reporting budget'!J$1) -> 0 | ... N9: =SUMIFS(Supplies!$M:$M,Supplies!$C:$C,'Reporting budget'!$A9,Supplies!$N:$N,'Reporting budget'!N$1) -> 0 | O9: =VLOOKUP(A9,Supplies!C11:K440,9,FALSE) -> #N/A | P9: =SUM(C9:N9) -> 0 | Q9: =O9-P9 -> #N/A
C10: =SUMIFS(Supplies!$M:$M,Supplies!$C:$C,'Reporting budget'!$A10,Supplies!$N:$N,'Reporting budget'!C$1) -> 0 | D10: =SUMIFS(Supplies!$M:$M,Supplies!$C:$C,'Reporting budget'!$A10,Supplies!$N:$N,'Reporting budget'!D$1) -> 0 | E10: =SUMIFS(Supplies!$M:$M,Supplies!$C:$C,'Reporting budget'!$A10,Supplies!$N:$N,'Reporting budget'!E$1) -> 0 | F10: =SUMIFS(Supplies!$M:$M,Supplies!$C:$C,'Reporting budget'!$A10,Supplies!$N:$N,'Reporting budget'!F$1) -> 0 | G10: =SUMIFS(Supplies!$M:$M,Supplies!$C:$C,'Reporting budget'!$A10,Supplies!$N:$N,'Reporting budget'!G$1) -> 0 | H10: =SUMIFS(Supplies!$M:$M,Supplies!$C:$C,'Reporting budget'!$A10,Supplies!$N:$N,'Reporting budget'!H$1) -> 0 | I10: =SUMIFS(Supplies!$M:$M,Supplies!$C:$C,'Reporting budget'!$A10,Supplies!$N:$N,'Reporting budget'!I$1) -> 0 | J10: =SUMIFS(Supplies!$M:$M,Supplies!$C:$C,'Reporting budget'!$A10,Supplies!$N:$N,'Reporting budget'!J$1) -> 0 | ... N10: =SUMIFS(Supplies!$M:$M,Supplies!$C:$C,'Reporting budget'!$A10,Supplies!$N:$N,'Reporting budget'!N$1) -> 0 | O10: =VLOOKUP(A10,Supplies!C12:K441,9,FALSE) -> #N/A | P10: =SUM(C10:N10) -> 0 | Q10: =O10-P10 -> #N/A
C11: =SUMIFS(Supplies!$M:$M,Supplies!$C:$C,'Reporting budget'!$A11,Supplies!$N:$N,'Reporting budget'!C$1) -> 0 | D11: =SUMIFS(Supplies!$M:$M,Supplies!$C:$C,'Reporting budget'!$A11,Supplies!$N:$N,'Reporting budget'!D$1) -> 0 | E11: =SUMIFS(Supplies!$M:$M,Supplies!$C:$C,'Reporting budget'!$A11,Supplies!$N:$N,'Reporting budget'!E$1) -> 0 | F11: =SUMIFS(Supplies!$M:$M,Supplies!$C:$C,'Reporting budget'!$A11,Supplies!$N:$N,'Reporting budget'!F$1) -> 0 | G11: =SUMIFS(Supplies!$M:$M,Supplies!$C:$C,'Reporting budget'!$A11,Supplies!$N:$N,'Reporting budget'!G$1) -> 0 | H11: =SUMIFS(Supplies!$M:$M,Supplies!$C:$C,'Reporting budget'!$A11,Supplies!$N:$N,'Reporting budget'!H$1) -> 0 | I11: =SUMIFS(Supplies!$M:$M,Supplies!$C:$C,'Reporting budget'!$A11,Supplies!$N:$N,'Reporting budget'!I$1) -> 0 | J11: =SUMIFS(Supplies!$M:$M,Supplies!$C:$C,'Reporting budget'!$A11,Supplies!$N:$N,'Reporting budget'!J$1) -> 0 | ... N11: =SUMIFS(Supplies!$M:$M,Supplies!$C:$C,'Reporting budget'!$A11,Supplies!$N:$N,'Reporting budget'!N$1) -> 0 | O11: =VLOOKUP(A11,Supplies!C14:K443,9,FALSE) -> #N/A | P11: =SUM(C11:N11) -> 0 | Q11: =O11-P11 -> #N/A
A13: TOTAL PRESTATIONS DE SERVICE | C13: =SUM(C4:C9) -> 0 | D13: =SUM(D4:D9) -> 0 | E13: =SUM(E4:E9) -> 0 | F13: =SUM(F4:F9) -> 0 | G13: =SUM(G4:G9) -> 0 | H13: =SUM(H4:H9) -> 0 | I13: =SUM(I4:I9) -> 0 | J13: =SUM(J4:J9) -> 0 | ... N13: =SUM(N4:N9) -> 0 | O13: =SUM(O4:O6) -> #N/A | P13: =SUM(P4:P8) -> 0 | Q13: =SUM(Q4:Q6) -> #N/A
A15: Training + Travel
B16: =VLOOKUP(A16,Supplies!C18:H73,6,FALSE) -> #N/A | C16: =SUMIFS(Supplies!$M:$M,Supplies!$C:$C,'Reporting budget'!$A16,Supplies!$N:$N,'Reporting budget'!C$1) -> 0 | D16: =SUMIFS(Supplies!$M:$M,Supplies!$C:$C,'Reporting budget'!$A16,Supplies!$N:$N,'Reporting budget'!D$1) -> 0 | E16: =SUMIFS(Supplies!$M:$M,Supplies!$C:$C,'Reporting budget'!$A16,Supplies!$N:$N,'Reporting budget'!E$1) -> 0 | F16: =SUMIFS(Supplies!$M:$M,Supplies!$C:$C,'Reporting budget'!$A16,Supplies!$N:$N,'Reporting budget'!F$1) -> 0 | G16: =SUMIFS(Supplies!$M:$M,Supplies!$C:$C,'Reporting budget'!$A16,Supplies!$N:$N,'Reporting budget'!G$1) -> 0 | H16: =SUMIFS(Supplies!$M:$M,Supplies!$C:$C,'Reporting budget'!$A16,Supplies!$N:$N,'Reporting budget'!H$1) -> 0 | I16: =SUMIFS(Supplies!$M:$M,Supplies!$C:$C,'Reporting budget'!$A16,Supplies!$N:$N,'Reporting budget'!I$1) -> 0 | J16: =SUMIFS(Supplies!$M:$M,Supplies!$C:$C,'Reporting budget'!$A16,Supplies!$N:$N,'Reporting budget'!J$1) -> 0 | ... N16: =SUMIFS(Supplies!$M:$M,Supplies!$C:$C,'Reporting budget'!$A16,Supplies!$N:$N,'Reporting budget'!N$1) -> 0 | O16: =SUMIFS(Supplies!$K:$K,Supplies!$C:$C,'Reporting budget'!A16,Supplies!$K:$K,'Reporting budget'!$O$1) -> 0 | P16: =SUM(C16:N16) -> 0 | Q16: =O16-P16 -> 0
C17: =SUMIFS(Supplies!$M:$M,Supplies!$C:$C,'Reporting budget'!$A17,Supplies!$N:$N,'Reporting budget'!C$1) -> 0 | D17: =SUMIFS(Supplies!$M:$M,Supplies!$C:$C,'Reporting budget'!$A17,Supplies!$N:$N,'Reporting budget'!D$1) -> 0 | E17: =SUMIFS(Supplies!$M:$M,Supplies!$C:$C,'Reporting budget'!$A17,Supplies!$N:$N,'Reporting budget'!E$1) -> 0 | F17: =SUMIFS(Supplies!$M:$M,Supplies!$C:$C,'Reporting budget'!$A17,Supplies!$N:$N,'Reporting budget'!F$1) -> 0 | G17: =SUMIFS(Supplies!$M:$M,Supplies!$C:$C,'Reporting budget'!$A17,Supplies!$N:$N,'Reporting budget'!G$1) -> 0 | H17: =SUMIFS(Supplies!$M:$M,Supplies!$C:$C,'Reporting budget'!$A17,Supplies!$N:$N,'Reporting budget'!H$1) -> 0 | I17: =SUMIFS(Supplies!$M:$M,Supplies!$C:$C,'Reporting budget'!$A17,Supplies!$N:$N,'Reporting budget'!I$1) -> 0 | J17: =SUMIFS(Supplies!$M:$M,Supplies!$C:$C,'Reporting budget'!$A17,Supplies!$N:$N,'Reporting budget'!J$1) -> 0 | ... N17: =SUMIFS(Supplies!$M:$M,Supplies!$C:$C,'Reporting budget'!$A17,Supplies!$N:$N,'Reporting budget'!N$1) -> 0 | O17: =SUMIFS(Supplies!$K:$K,Supplies!$C:$C,'Reporting budget'!A17,Supplies!$K:$K,'Reporting budget'!$O$1) -> 0 | P17: =SUM(C17:N17) -> 0 | Q17: =O17-P17 -> 0
A19: TOTAL ACHAT DE MATERIELS ET FOURNITURES | C19: =SUM(C16:C17) -> 0 | D19: =SUM(D16:D17) -> 0 | E19: =SUM(E16:E17) -> 0 | F19: =SUM(F16:F17) -> 0 | G19: =SUM(G16:G17) -> 0 | H19: =SUM(H16:H17) -> 0 | I19: =SUM(I16:I17) -> 0 | J19: =SUM(J16:J17) -> 0 | ... O19: =SUM(O16:O17) -> 0 | P19: =SUM(P9:P16) -> 0 | Q19: =SUM(Q16:Q17) -> 0
A21: Matériels
B22: =VLOOKUP(A22,Supplies!C24:H79,6,FALSE) -> #N/A | C22: =SUMIFS(Supplies!$M:$M,Supplies!$C:$C,'Reporting budget'!$A22,Supplies!$N:$N,'Reporting budget'!C$1) -> 0 | D22: =SUMIFS(Supplies!$M:$M,Supplies!$C:$C,'Reporting budget'!$A22,Supplies!$N:$N,'Reporting budget'!D$1) -> 0 | E22: =SUMIFS(Supplies!$M:$M,Supplies!$C:$C,'Reporting budget'!$A22,Supplies!$N:$N,'Reporting budget'!E$1) -> 0 | F22: =SUMIFS(Supplies!$M:$M,Supplies!$C:$C,'Reporting budget'!$A22,Supplies!$N:$N,'Reporting budget'!F$1) -> 0 | G22: =SUMIFS(Supplies!$M:$M,Supplies!$C:$C,'Reporting budget'!$A22,Supplies!$N:$N,'Reporting budget'!G$1) -> 0 | H22: =SUMIFS(Supplies!$M:$M,Supplies!$C:$C,'Reporting budget'!$A22,Supplies!$N:$N,'Reporting budget'!H$1) -> 0 | I22: =SUMIFS(Supplies!$M:$M,Supplies!$C:$C,'Reporting budget'!$A22,Supplies!$N:$N,'Reporting budget'!I$1) -> 0 | J22: =SUMIFS(Supplies!$M:$M,Supplies!$C:$C,'Reporting budget'!$A22,Supplies!$N:$N,'Reporting budget'!J$1) -> 0 | ... N22: =SUMIFS(Supplies!$M:$M,Supplies!$C:$C,'Reporting budget'!$A22,Supplies!$N:$N,'Reporting budget'!N$1) -> 0 | O22: =SUMIFS(Supplies!$K:$K,Supplies!$C:$C,'Reporting budget'!A22,Supplies!$K:$K,'Reporting budget'!$O$1) -> 0 | P22: =SUM(C22:N22) -> 0 | Q22: =O22-P22 -> 0
C23: =SUMIFS(Supplies!$M:$M,Supplies!$C:$C,'Reporting budget'!$A23,Supplies!$N:$N,'Reporting budget'!C$1) -> 0 | D23: =SUMIFS(Supplies!$M:$M,Supplies!$C:$C,'Reporting budget'!$A23,Supplies!$N:$N,'Reporting budget'!D$1) -> 0 | E23: =SUMIFS(Supplies!$M:$M,Supplies!$C:$C,'Reporting budget'!$A23,Supplies!$N:$N,'Reporting budget'!E$1) -> 0 | F23: =SUMIFS(Supplies!$M:$M,Supplies!$C:$C,'Reporting budget'!$A23,Supplies!$N:$N,'Reporting budget'!F$1) -> 0 | G23: =SUMIFS(Supplies!$M:$M,Supplies!$C:$C,'Reporting budget'!$A23,Supplies!$N:$N,'Reporting budget'!G$1) -> 0 | H23: =SUMIFS(Supplies!$M:$M,Supplies!$C:$C,'Reporting budget'!$A23,Supplies!$N:$N,'Reporting budget'!H$1) -> 0 | I23: =SUMIFS(Supplies!$M:$M,Supplies!$C:$C,'Reporting budget'!$A23,Supplies!$N:$N,'Reporting budget'!I$1) -> 0 | J23: =SUMIFS(Supplies!$M:$M,Supplies!$C:$C,'Reporting budget'!$A23,Supplies!$N:$N,'Reporting budget'!J$1) -> 0 | ... N23: =SUMIFS(Supplies!$M:$M,Supplies!$C:$C,'Reporting budget'!$A23,Supplies!$N:$N,'Reporting budget'!N$1) -> 0 | O23: =SUMIFS(Supplies!$K:$K,Supplies!$C:$C,'Reporting budget'!A23,Supplies!$K:$K,'Reporting budget'!$O$1) -> 0 | P23: =SUM(C23:N23) -> 0 | Q23: =O23-P23 -> 0
A24: TOTAL des dépenses 2019
A25: Dépenses réelles mensuelles | C25: =SUM(C13+C19) -> 0 | D25: =SUM(D13+D19) -> 0 | E25: =SUM(E13+E19) -> 0 | F25: =SUM(F13+F19) -> 0 | G25: =SUM(G13+G19) -> 0 | H25: =SUM(H13+H19) -> 0 | I25: =SUM(I13+I19) -> 0 | J25: =SUM(J13+J19) -> 0 | ... Q25: =SUM(Q13+Q19) -> #N/A

Sheet Codes
A1: Libelle | B1: Categorie | D1: Libelle | E1: f | G1: 40458970020 | H1: projet
A2: Fournitures | B2: 44120000 | D2: www | E2: 1055731 | G2: 40458980020 | H2: projet
A3: Matériel | B3: 43210000 | D3: zzz | E3: 1054963 | G3: 40483630020 | H3: projet
A4: Training | B4: 86000000 | D4: ok | E4: 1408454 | G4: 40465840010 | H4: projet
A5: Prestation | B5: 80101507 | D5: kkk | E5: 1091312 | G5: N/A | H5: projet
A6: Contract | B6: 81111812 | D6: llll | E6: 1053818 | G6: 11610209 | H6: budget
A7: Travaux | B7: 73152100 | D7: mmm | E7: 10743683 | G7: 411359 | H7: projet
A8: Licence | B8: 43230000 | D8: hhh | E8: 1011159 | G8: 4051476 | H8: projet
A9: Logiciel | B9: 81112002 | D9: jjj | E9: 1074141
A10: Matériel Informatique | B10: 43211600 | D10: ttt | E10: 1074047
A11: Travel | D11: ppp | E11: 1054003
D12: aaa | E12: 1301703
D13: nnn | E13: 1345501
